[Event "45th FIDE Olympiad 2024"]
[Site "Budapest"]
[Date "2024.09.19"]
[Round "8.14"]
[White "Bacrot, Etienne"]
[Black "So, Wesley"]
[Result "1/2-1/2"]
[ECO "C67"]
[WhiteElo "2665"]
[BlackElo "2752"]
[Annotator "TA"]
[PlyCount "130"]
[EventDate "2024.09.05"]
[EventType "team-tourn"]
[EventCountry "HUN"]
[SourceTitle "playchess.com"]
[Source "ChessBase"]
[SourceQuality "1"]
[WhiteTeam "France"]
[BlackTeam "United States of America"]
[WhiteTeamCountry "FRA"]
[TimeControl "40/5400+30:1800+30"]

1. e4 e5 2. Nf3 Nc6 3. Bb5 Nf6 4. O-O Nxe4 5. Re1 Nd6 6. Nxe5 Be7 7. Bf1 Nxe5 8. Rxe5 O-O 9. d4 Bf6 10. Re1 Re8 11. Bf4 Rxe1 12. Qxe1 Ne8 {[%emt 0:00:05][%cal Bd6e8,Be8g7,Bg7f5][%mdl 32] White has an edge.} 13. c3 d5 14. Bd3 g6 {[%emt 0:01:13] The position is equal.} 15. Nd2 Ng7 16. Nf3 Bf5 17. Bxf5 Nxf5 18. Qd2 c6 19. Re1 Ng7 20. Be5 Bxe5 21. Nxe5 f6 22. Nd3 Qc7 23. Qf4 Qxf4 24. Nxf4 $11 {[%emt 0:00:06][%mdl 4096] Endgame. KRN-KRN} g5 25. Nd3 Kf7 {[%emt 0:00:14] Inhibits Re7+.} 26. f3 Ne6 27. Kf2 a5 28. h4 Nf4 29. Nxf4 gxf4 {[%emt 0:00:55] KR-KR} 30. g3 fxg3+ 31. Kxg3 Rg8+ 32. Kf2 a4 33. Re2 b6 34. b3 axb3 35. axb3 Ra8 36. Kg3 Ra3 37. Rb2 Ra1 38. Re2 Rc1 39. Re3 h5 40. b4 b5 41. Kf4 Kg6 42. Rd3 $1 Rh1 43. Re3 Rxh4+ 44. Kg3 Rh1 45. Re6 Kg5 46. Rxc6 h4+ 47. Kg2 Rc1 {[%emt 0:00:06] White must now prevent ...Rc2+.} 48. Rc5 f5 49. Rxd5 Rc2+ 50. Kh3 Rxc3 51. Rxb5 Rxf3+ 52. Kg2 Kg4 53. Rb8 h3+ 54. Kg1 Rg3+ 55. Kh1 {[%emt 0:09:35] [#] Intending Rg8+ and mate.} Rd3 {[%emt 0:01:06][%cal Of5f4] And now ...f4! would win.} 56. b5 Rxd4 57. b6 Rd1+ 58. Kh2 {[%emt 0:00:05] Strongly threatening b7.} Rd2+ 59. Kh1 {[%emt 0:04:53] [#] aiming for b7.} Rb2 60. b7 {[%emt 0:00:37] Threatening mate with Rg8+.} Kf4 61. Kg1 (61. Rh8 {simplifies} Rb1+ 62. Kh2 Rxb7 63. Rxh3 Rb2+ 64. Kg1) 61... Rg2+ 62. Kf1 $132 {[%emt 0:03:37][%mdl 2048] White is not holding back} Rb2 63. Rh8 Rxb7 {[%emt 0:00:20] ( -> ...Rb1+)} 64. Rxh3 Rb1+ 65. Kf2 Rb2+ {[%emt 0:00:05] An interesting draw.   Weighted Error Value: White=0.02 (flawless) /Black=0.01 (flawless) .  OK:         	White=26    	Black=33     Best:        	White=6     	Black=2      Strong:       	White=1     	---} 1/2-1/2

[Event "45th FIDE Olympiad 2024"]
[Site "Budapest"]
[Date "2024.09.19"]
[Round "8.14"]
[White "Egesa, Emmanuel"]
[Black "James, Justin"]
[Result "1-0"]
[WhiteElo "2128"]
[BlackElo "1745"]
[PlyCount "100"]
[EventDate "2024.09.05"]
[EventType "team-tourn"]
[EventCountry "HUN"]
[WhiteTeam "Uganda"]
[BlackTeam "Saint Lucia"]
[WhiteTeamCountry "UGA"]
[TimeControl "40/5400+30:1800+30"]

1. d4 d5 2. Nf3 Nf6 3. c3 e6 4. Bf4 c5 5. e3 Qb6 6. Qc2 Nc6 7. Nbd2 Nh5 8. Bg5 h6 9. Bh4 g5 10. Bg3 Nxg3 11. hxg3 Bg7 12. Nb3 c4 13. Nbd2 Qc7 14. b3 cxb3 15. axb3 Bd7 16. Bd3 Rc8 17. Rc1 a5 18. Nb1 Na7 19. c4 dxc4 20. bxc4 Nc6 21. Qb3 Nb4 22. Be2 b6 23. Nc3 Bc6 24. g4 Qb7 25. Qb1 Qe7 26. Rd1 Bb7 27. Rd2 Ba6 28. Ne5 Qc7 29. Ne4 Bb7 30. Nf3 Qc6 31. Ng3 f6 32. Qg6+ Kf8 33. Nh5 Qd7 34. Nxf6 Qf7 35. Qxf7+ Kxf7 36. Nd7 a4 37. Nxb6 a3 38. Nxc8 Rxc8 39. O-O Be4 40. Ra1 Ra8 41. Ne1 Bf8 42. Bf3 Bxf3 43. gxf3 Ke8 44. Nd3 Nxd3 45. Rxd3 Bb4 46. Rb3 Ra4 47. Ra2 Kd7 48. Kf1 Kd6 49. Ke2 Kc6 50. Kd3 Kd6 1-0

[Event "45th FIDE Olympiad 2024"]
[Site "Budapest"]
[Date "2024.09.19"]
[Round "8.15"]
[White "Dominguez Perez, Leinier"]
[Black "Maurizzi, Marc`andria"]
[Result "1/2-1/2"]
[ECO "C24"]
[WhiteElo "2748"]
[BlackElo "2595"]
[Annotator "TA"]
[PlyCount "103"]
[EventDate "2024.09.05"]
[EventType "team-tourn"]
[EventCountry "HUN"]
[SourceTitle "playchess.com"]
[Source "ChessBase"]
[SourceQuality "1"]
[WhiteTeam "United States of America"]
[BlackTeam "France"]
[BlackTeamCountry "FRA"]
[TimeControl "40/5400+30:1800+30"]

1. e4 e5 2. Nf3 Nc6 3. Bc4 Nf6 4. d3 d5 5. exd5 Nxd5 6. O-O Be7 7. Re1 f6 {[%emt 0:00:05] C24: Bishop's Opening: 2...Nf6.} 8. c3 Bg4 9. h3 Bh5 10. a4 a6 $146 ({Predecessor:} 10... O-O 11. a5 Rb8 12. Nbd2 Bf7 13. Nb3 Kh8 14. Bb5 a6 15. Ba4 Na7 16. d4 b5 17. axb6 Nxb6 {1-0 Kadric,D (2579)-Pfreundt,J (2455) Bundesliga 2324 2023 (2.1)}) 11. Nbd2 O-O 12. Ne4 Bf7 13. b4 Kh8 14. Bd2 Qd7 15. a5 Nd8 16. Qb3 b5 17. axb6 cxb6 18. Qa4 (18. Rxa6 $2 Rxa6 19. Bxa6 Nxb4 $19) 18... Nc6 ({Don't go for} 18... b5 $2 19. Bxb5 axb5 20. Qxa8 $18) 19. b5 axb5 $1 20. Qxb5 Rab8 21. Qa4 Nc7 (21... Be8 $11) 22. Bxf7 $14 Rxf7 23. Rad1 b5 24. Qc2 b4 25. cxb4 Bxb4 26. d4 exd4 27. Bxb4 Nxb4 28. Qc4 Qd5 (28... d3 {with more complications.} 29. Rb1 Nca6 30. Nc5 Nxc5 31. Qxc5 d2) 29. Rxd4 Qxc4 30. Rxc4 Nbd5 31. Rd1 Re7 32. Nc5 Rbe8 33. Nd3 Re4 34. Rc5 R4e7 35. Rb1 Kg8 36. Nd4 Rd7 37. Rb7 Ree7 38. Nf5 Rf7 39. Rb8+ Rf8 40. Rb7 Rff7 41. Kh2 Ne7 {[%emt 0:16:14] [#]} (41... h6 $11 {keeps the balance.}) 42. Rcxc7 ({Of course not} 42. Rbxc7 $6 Nxf5 43. Rxd7 Rxd7 $11) (42. Nxg7 $1 $16 {Black must now prevent Nh5.} Kxg7 43. Rcxc7 (43. Rbxc7 $2 {is the wrong capture.} Rxd3 44. Ra5 Nd5 $19) 43... Rxd3 44. Rxe7 Rxe7 45. Rxe7+ Kg6 46. Re4) 42... Rxc7 $14 43. Nh6+ gxh6 44. Rxc7 Ng6 45. Rc6 Kg7 46. Nc5 Re7 47. Ne6+ Kf7 48. Nd4 Rd7 49. Rc4 Ne5 50. Ra4 Nd3 51. f3 Nb2 52. Rb4 1/2-1/2

[Event "45th FIDE Olympiad 2024"]
[Site "Budapest"]
[Date "2024.09.19"]
[Round "8.15"]
[White "Elizee, Kaieem"]
[Black "Nsubuga, Haruna"]
[Result "1-0"]
[WhiteElo "1701"]
[BlackElo "2243"]
[PlyCount "112"]
[EventDate "2024.09.05"]
[EventType "team-tourn"]
[EventCountry "HUN"]
[WhiteTeam "Saint Lucia"]
[BlackTeam "Uganda"]
[BlackTeamCountry "UGA"]
[TimeControl "40/5400+30:1800+30"]

1. d4 Nf6 2. c4 e6 3. Nf3 d5 4. g3 Nc6 5. Bg2 dxc4 6. O-O Rb8 7. a4 Be7 8. Nc3 a6 9. e4 O-O 10. e5 Nd5 11. Ne4 Re8 12. h4 f5 13. exf6 gxf6 14. Re1 Bf8 15. a5 b5 16. axb6 cxb6 17. Bd2 b5 18. Qc1 Ncb4 19. Bxb4 Nxb4 20. Qf4 f5 21. Qxb8 fxe4 22. Rxe4 Bd6 23. Rg4+ Kh8 24. Qa8 e5 25. Rg5 e4 26. Ne5 Bxe5 27. Rxe5 Rf8 28. Qxe4 Qf6 29. Re7 Bf5 30. Qe5 Nd3 31. Qxf6+ Rxf6 32. Bb7 Nxb2 33. Bxa6 c3 34. Bxb5 Rf8 35. Rc7 c2 36. d5 Rb8 37. d6 Kg8 38. d7 Rd8 39. Re1 Bxd7 40. Bxd7 Nd3 41. Be6+ Kf8 42. Rf1 c1=Q 43. Rcxc1 Nxc1 44. Rxc1 Ke7 45. Bh3 Kf6 46. Rc5 h6 47. Kg2 Rd6 48. Bg4 Rb6 49. Bf3 Rb4 50. Rc6+ Kg7 51. h5 Ra4 52. Re6 Ra5 53. g4 Ra4 54. Be4 Rb4 55. Bf5 Rb3 56. Rg6+ Kh7 1-0

[Event "45th FIDE Olympiad 2024"]
[Site "Budapest"]
[Date "2024.09.19"]
[Round "8.16"]
[White "Lagarde, Maxime"]
[Black "Aronian, Levon"]
[Result "0-1"]
[ECO "C13"]
[WhiteElo "2598"]
[BlackElo "2729"]
[Annotator "TA"]
[PlyCount "78"]
[EventDate "2024.09.05"]
[EventType "team-tourn"]
[EventCountry "HUN"]
[SourceTitle "playchess.com"]
[Source "ChessBase"]
[SourceQuality "1"]
[WhiteTeam "France"]
[BlackTeam "United States of America"]
[WhiteTeamCountry "FRA"]
[TimeControl "40/5400+30:1800+30"]

1. e4 e6 2. d4 d5 3. Nc3 Nf6 4. Bg5 dxe4 5. Nxe4 Be7 6. Bxf6 gxf6 7. Nc3 Nc6 8. Nge2 a6 9. g3 {[%emt 0:03:53] The position is equal.} e5 10. d5 Na7 11. Qd3 Qd6 12. O-O-O f5 {[%emt 0:01:21] Inhibits Ne4.} 13. h4 Bd7 14. Bh3 e4 $1 15. Qe3 Nb5 16. f3 Nxc3 17. Nxc3 Rg8 18. fxe4 {[%emt 0:07:25] And now e5 would win.} Rxg3 19. Qd4 (19. Qf2 $14 {keeps the upper hand.}) 19... Bf6 $17 {[%emt 0:05:30] Black is more active.} 20. e5 (20. Qf2 $17 {was worth a try.}) 20... Bxe5 $19 (20... Qxe5 $2 21. Rde1 O-O-O 22. Rxe5 $18) 21. Rde1 f6 22. Qf2 {[%emt 0:00:32] [#]} Rxc3 23. bxc3 $17 O-O-O 24. Bxf5 (24. Qa7 $17 c6 25. Qb6) 24... Qa3+ (24... Qxd5 25. Rd1 Qxa2 26. Rxd7 Rxd7 (26... Qa1+ 27. Kd2 $11) 27. Bxd7+ Kxd7 28. Rd1+ Kc6 29. Qf3+ Kc5 30. Rd7 $11 (30. Qxb7 Bf4+ 31. Rd2 Qa1+ 32. Qb1 Bxd2+ 33. Kxd2 Qxb1 34. Ke2 Qxc2+ 35. Kf3 Qf5+ 36. Kg2 Kd5 37. Kg3 Ke4 38. Kg2 Qf3+ 39. Kg1 Qg3+ 40. Kf1 Ke3 41. h5 Qf2#)) (24... Bf4+ 25. Kb2 Bxf5 26. Rhf1 $14) 25. Kd1 (25. Kb1 Bxc3 (25... Qxc3 26. Rxe5 Qxe5 27. Bxd7+ Rxd7 28. Re1 $17) 26. Bxd7+ Kb8) 25... Qxa2 (25... Bxc3 $2 26. Bxd7+ Kb8 27. Rh3 $18) (25... Qxc3 26. Rh3 Qa1+ 27. Ke2 Qxa2 28. Bxd7+ Rxd7 29. Qf5 $17) 26. Rh3 {[%emt 0:00:41] [#]} Bxf5 (26... Qxd5+ 27. Rd3 Qb5 28. Kc1 $11) 27. Qxf5+ Kb8 {[%emt 0:00:04] Chess con chili.} 28. Rd3 (28. c4 $17) 28... Bxc3 $1 $19 (28... Rxd5 29. Rxd5 Qxd5+ 30. Qd3 $15 (30. Kc1 Qc5 $17)) 29. Rf1 $2 (29. Rxc3 Rxd5+ (29... Qxd5+ $2 {too greedy.} 30. Qxd5 Rxd5+ 31. Kc1 $18) 30. Qxd5 Qxd5+ 31. Kc1) 29... Qb1+ 30. Ke2 Qxc2+ 31. Kf3 Rg8 32. Rf2 Qb1 {[%emt 0:04:08][%cal Oh7h5] Hoping for ...h5!} 33. Qxh7 Qh1+ 34. Kf4 Be5+ 35. Kf5 Qg1 36. Ke6 Qg4+ 37. Rf5 Bd6 (37... Rf8 $142 38. Rdf3 Bd4 39. Re3 Bxe3 40. Qf7 Qe4+ (40... Rxf7 {is a self mate.} 41. Kxf7 Qxf5 42. Ke7 Qxd5 43. Kxf6 Bd4+ 44. Kg6 Qe6+ 45. Kh5 c6 46. Kg5 Be3+ 47. Kh5 Qf5#) 41. Kxf6 Rxf7+ 42. Kxf7 Qxf5+ 43. Kg7 Bd4+ (43... Qxd5 44. Kf6 Bd4+ 45. Kg6 Qe6+ 46. Kh5 a5 47. Kg5 Be3+ 48. Kh5 Qf5#) 44. Kh6 Qg4 (44... Qxd5 {leads to mate.} 45. Kg6 Qe6+ 46. Kh5 a5 47. Kg5 Be3+ 48. Kh5 Qf5#) 45. d6 cxd6 46. Kh7 Qg7#) 38. Rdf3 Re8+ 39. Kxf6 Rf8+ {[%emt 0:00:10] Weighted Error Value: White=0.95/Black=0.16 (very precise) .  Loses game:     	White=1     	---        Mistake:       	White=4     	Black=1      Inaccurate:     	---       	Black=1      OK:         	White=8     	Black=7      Best:        	White=2     	Black=4      Strong:       	---       	Black=2} (39... Be7+ $142 40. Qxe7 Qxh4+ (40... Rxe7 $2 41. Kxe7 Qxh4+ 42. Kd7 $19) 41. Rg5 Rxe7 42. Kxe7 Qxg5+ 43. Ke6 Qg4+ 44. Rf5 a5 45. Kf6 a4 46. Ke5 a3 47. Rf8+ Ka7 48. Rf4 Qg5+ 49. Rf5 Qe7+ 50. Kd4 Qb4+ 51. Ke5 Qe1+ 52. Kf6 a2 53. Kf7 a1=Q (53... a1=B $2 54. d6 $19) 54. Rf6 Qee5 55. Rg6 Qxd5+ 56. Re6 Qh8 57. Ke7 Qg7+ 58. Ke8 Qdd7#) 0-1

[Event "45th FIDE Olympiad 2024"]
[Site "Budapest"]
[Date "2024.09.19"]
[Round "8.16"]
[White "Nyola, Wasswa Mark"]
[Black "Daniel, Cyrus"]
[Result "1-0"]
[WhiteElo "2070"]
[BlackElo "1759"]
[PlyCount "81"]
[EventDate "2024.09.05"]
[EventType "team-tourn"]
[EventCountry "HUN"]
[WhiteTeam "Uganda"]
[BlackTeam "Saint Lucia"]
[WhiteTeamCountry "UGA"]
[TimeControl "40/5400+30:1800+30"]

1. d4 d5 2. Nf3 Nf6 3. c4 c6 4. Nc3 dxc4 5. a4 Bf5 6. Ne5 Nbd7 7. Nxc4 Nb6 8. Ne5 a5 9. f3 Nfd7 10. Nxd7 Nxd7 11. e4 Bg6 12. h4 h6 13. h5 Bh7 14. Be3 e6 15. Qd2 Bb4 16. Bc4 Qe7 17. g4 Rd8 18. Qe2 e5 19. d5 cxd5 20. Bxd5 O-O 21. O-O Nf6 22. Bb3 Bc5 23. Nd5 Nxd5 24. Bxd5 Bxe3+ 25. Qxe3 Qb4 26. Qc3 Qb6+ 27. Rf2 Rxd5 28. exd5 e4 29. Re1 exf3 30. Qxf3 f5 31. Qe3 Qb4 32. Rf4 Qxb2 33. d6 Qf6 34. d7 Qd6 35. Rd4 Qf6 36. Qe5 Qh4 37. Re2 fxg4 38. Qd5+ Kh8 39. d8=Q Qg3+ 40. Qg2 Qxg2+ 41. Kxg2 1-0

[Event "45th FIDE Olympiad 2024"]
[Site "Budapest"]
[Date "2024.09.19"]
[Round "8.17"]
[White "Wei, Yi"]
[Black "Deac, Bogdan-Daniel"]
[Result "1/2-1/2"]
[ECO "C54"]
[WhiteElo "2762"]
[BlackElo "2680"]
[Annotator "TA"]
[PlyCount "143"]
[EventDate "2024.09.05"]
[EventType "team-tourn"]
[EventCountry "HUN"]
[SourceTitle "playchess.com"]
[Source "ChessBase"]
[SourceQuality "1"]
[WhiteTeam "China"]
[BlackTeam "Romania"]
[WhiteTeamCountry "CHN"]
[BlackTeamCountry "ROU"]
[TimeControl "40/5400+30:1800+30"]

1. e4 e5 2. Nf3 Nc6 3. Bc4 Bc5 4. c3 Nf6 5. d3 d6 6. Bg5 h6 7. Bh4 a6 8. Nbd2 {[%emt 0:00:28] C54: Giuoco Piano: 4 c3 Nf6, main lines with 5 d4 and 5 d3.} Qe7 9. b4 Ba7 10. O-O g5 11. Bg3 Nd7 12. a4 Nf8 13. Kh1 Ng6 14. b5 Na5 15. Ba2 $146 ({Predecessor:} 15. Bd5 c6 16. bxc6 bxc6 17. Ba2 h5 18. h3 g4 19. Ng1 Qg5 20. d4 h4 21. Bh2 {1-0 Fedorov,A (2447)-Gochelashvili,D (2304) Tamil Nadu IM 7th 2023 (5)}) 15... h5 16. h3 g4 17. Ng1 Be6 18. Bh2 Bxa2 19. Rxa2 Qe6 20. Rb2 Bb6 21. Qe2 Rg8 22. bxa6 bxa6 23. Rfb1 Qf6 24. hxg4 hxg4 25. Qxg4 Ke7 26. Qf3 Qh8 27. g3 Qh6 28. Qf5 Rh8 29. Ndf3 f6 30. d4 Qh5 31. Ne2 Rag8 {[%emt 0:00:28] [#]} (31... Rac8 $14) 32. Qxh5 ({White should play} 32. Rxb6 $1 $16 cxb6 33. Rxb6 Qxf5 34. exf5) 32... Rxh5 $11 33. Kg2 (33. g4 $5 Rhh8 34. Kg2 $16) 33... Kd7 34. Nd2 exd4 35. cxd4 Nc6 $1 36. Nf3 Nh4+ 37. Nxh4 Rxh4 38. f3 Bxd4 39. Nxd4 (39. Rc2 $14 Bc5 40. g4) 39... Nxd4 $11 40. Bg1 Ne6 41. Be3 Rh7 42. Rb8 Rxb8 $1 43. Rxb8 Rh5 44. Rb4 Ra5 45. Rc4 d5 46. exd5 Rxd5 47. Kf2 f5 48. Rh4 Ke7 49. Ke2 Kf7 50. Rb4 Ke7 51. Rc4 Kd7 52. Rh4 Ke7 53. Rh5 Kf7 54. Kf2 Kg6 55. Rh4 Kf7 56. Bc1 Rc5 57. Bd2 Rd5 58. Bc3 Rd3 59. Rc4 Ng5 60. Rxc7+ Ke6 61. Ke2 Rxf3 62. Be1 Ra3 63. Rc6+ Kd5 64. Rxa6 Ne4 65. a5 Nxg3+ 66. Bxg3 Rxg3 67. Rb6 Ra3 68. a6 Kc5 69. Rf6 Kb5 70. Rxf5+ Kxa6 71. Rf3 Rxf3 72. Kxf3 1/2-1/2

[Event "45th FIDE Olympiad 2024"]
[Site "Budapest"]
[Date "2024.09.19"]
[Round "8.17"]
[White "Mompel Ferruz, Xavier"]
[Black "Ferster, Fabian"]
[Result "1/2-1/2"]
[WhiteElo "2273"]
[BlackElo "2184"]
[PlyCount "117"]
[EventDate "2024.09.05"]
[EventType "team-tourn"]
[EventCountry "HUN"]
[WhiteTeam "Equatorial Guinea"]
[BlackTeam "Liechtenstein"]
[BlackTeamCountry "LIE"]
[TimeControl "40/5400+30:1800+30"]

1. e4 c5 2. Nf3 Nf6 3. e5 Nd5 4. Nc3 e6 5. Ne4 d6 6. exd6 Bxd6 7. Nxd6+ Qxd6 8. g3 Nc6 9. d3 O-O 10. Bg2 b6 11. O-O Bb7 12. Nd2 Rad8 13. a4 Qe7 14. Nc4 Ba6 15. Bd2 Qf6 16. Qg4 h6 17. Ne3 Qd4 18. Qxd4 Nxd4 19. Bxd5 exd5 20. f3 Rfe8 21. a5 Bb5 22. axb6 axb6 23. Rae1 Rxe3 24. Rxe3 Nxc2 25. Re7 Bxd3 26. Rd1 c4 27. Bf4 b5 28. Bc7 Ra8 29. Rd7 Ra2 30. Be5 f6 31. Rxd5 fxe5 32. Rxb5 Nd4 33. Rb8+ Kh7 34. Kf2 Nb3 35. Rxb3 cxb3 36. Rxd3 Rxb2+ 37. Ke3 Rb1 38. Rd2 Kg6 39. Kd3 b2 40. Kc2 Rf1 41. Kxb2 Rxf3 42. Kc2 Kg5 43. Kd1 Kg4 44. Ke2 Ra3 45. Kf2 g5 46. Kg2 Kf5 47. Kf2 h5 48. Rb2 g4 49. Rc2 Rb3 50. Ra2 Ke4 51. Re2+ Kd4 52. Rd2+ Rd3 53. Ra2 e4 54. Ra4+ Ke5 55. Ra8 Rb3 56. Re8+ Kd4 57. Rd8+ Ke5 58. Re8+ Kd4 59. Rd8+ 1/2-1/2

[Event "45th FIDE Olympiad 2024"]
[Site "Budapest"]
[Date "2024.09.19"]
[Round "8.18"]
[White "Shevchenko, Kirill"]
[Black "Yu, Yangyi"]
[Result "0-1"]
[ECO "C65"]
[WhiteElo "2673"]
[BlackElo "2703"]
[Annotator "RC"]
[PlyCount "116"]
[EventDate "2024.09.05"]
[EventType "team-tourn"]
[EventCountry "HUN"]
[SourceTitle "playchess.com"]
[Source "ChessBase"]
[SourceQuality "1"]
[WhiteTeam "Romania"]
[BlackTeam "China"]
[WhiteTeamCountry "ROU"]
[BlackTeamCountry "CHN"]
[TimeControl "40/5400+30:1800+30"]

1. e4 e5 2. Nf3 Nc6 3. Bb5 Nf6 4. d3 Bc5 5. c3 O-O 6. O-O d6 7. Nbd2 Bb6 8. Nc4 Ne7 9. Ba4 Ng6 10. Re1 Be6 11. Nxb6 axb6 12. Bc2 c5 13. h3 h6 14. a3 d5 15. d4 exd4 16. e5 Ne4 17. cxd4 f5 18. exf6 Qxf6 19. Bxe4 dxe4 20. Rxe4 Rad8 21. b4 Bf5 22. Re1 cxd4 23. Bb2 Bxh3 24. Bxd4 Qf5 25. gxh3 Qxh3 26. Re3 Nf4 27. Ne1 Qf5 28. Kh2 Rd5 29. Ra2 Ne6 30. Rd2 Qf4+ 31. Rg3 Nxd4 32. Qg4 Qxg4 33. Rxg4 Rfd8 34. Kg2 b5 35. Nc2 Nf5 36. Re2 Rf8 37. Rge4 Rd3 38. Ne3 Rxa3 39. Nxf5 Rxf5 40. Re8+ Kh7 41. R2e3 Ra6 42. R8e4 Rg6+ 43. Rg3 Rgf6 44. f3 Rf4 45. Re7 Rg6 46. Rxb7 Rxb4 47. Rxg6 Kxg6 48. Kg3 Kf6 49. Rb6+ Kf5 50. Rd6 Rb1 51. Rc6 b4 52. Rc5+ Ke6 53. f4 b3 54. Rb5 g5 55. Rb6+ Kf5 56. Rb5+ Ke4 57. f5 b2 58. Kg2 Re1 0-1

[Event "45th FIDE Olympiad 2024"]
[Site "Budapest"]
[Date "2024.09.19"]
[Round "8.18"]
[White "Krieger, Markus"]
[Black "Angel, Estanislao Gatjens C"]
[Result "1-0"]
[WhiteElo "2153"]
[BlackElo "1849"]
[PlyCount "89"]
[EventDate "2024.09.05"]
[EventType "team-tourn"]
[EventCountry "HUN"]
[WhiteTeam "Liechtenstein"]
[BlackTeam "Equatorial Guinea"]
[WhiteTeamCountry "LIE"]
[TimeControl "40/5400+30:1800+30"]

1. e4 c6 2. d4 d5 3. e5 Bf5 4. Nf3 e6 5. Be2 c5 6. c3 Nc6 7. O-O Bg4 8. Nbd2 Qb6 9. Re1 Nge7 10. dxc5 Qxc5 11. Qa4 Bxf3 12. Nxf3 Qa5 13. Qxa5 Nxa5 14. Nd4 a6 15. f4 g6 16. Be3 Nac6 17. Nxc6 bxc6 18. c4 Nf5 19. Bf2 Bb4 20. Red1 h5 21. Rac1 Kd7 22. g3 Rhb8 23. Rc2 Ba5 24. cxd5 cxd5 25. Rdc1 Rb7 26. b3 Ng7 27. Rc6 Ne8 28. Rxa6 Rxa6 29. Bxa6 Rc7 30. Bb5+ Kd8 31. Rxc7 Nxc7 32. Bc6 Ne8 33. Bc5 Ng7 34. Bb5 Kc7 35. Bf8 Bb6+ 36. Kf1 Nf5 37. Be8 Ne3+ 38. Ke2 h4 39. Bxf7 hxg3 40. hxg3 Kd7 41. Bxg6 Ng4 42. a4 Kd8 43. b4 Ne3 44. a5 Bd4 45. Bd3 1-0

[Event "45th FIDE Olympiad 2024"]
[Site "Budapest"]
[Date "2024.09.19"]
[Round "8.19"]
[White "Bu, Xiangzhi"]
[Black "Lupulescu, Constantin"]
[Result "1/2-1/2"]
[ECO "D40"]
[WhiteElo "2693"]
[BlackElo "2590"]
[Annotator "TA"]
[PlyCount "133"]
[EventDate "2024.09.05"]
[EventType "team-tourn"]
[EventCountry "HUN"]
[SourceTitle "playchess.com"]
[Source "ChessBase"]
[SourceQuality "1"]
[WhiteTeam "China"]
[BlackTeam "Romania"]
[WhiteTeamCountry "CHN"]
[BlackTeamCountry "ROU"]
[TimeControl "40/5400+30:1800+30"]

1. Nf3 c5 2. c4 Nc6 3. Nc3 Nf6 4. e3 e6 5. d4 d5 6. a3 a6 7. dxc5 Bxc5 8. b4 Ba7 9. Bb2 O-O 10. h3 Qe7 11. cxd5 Rd8 12. Bd3 {[%emt 0:00:13] White has an edge.} exd5 13. Ne2 Ne4 14. O-O Bf5 15. Ned4 Nxd4 16. Nxd4 Bg6 17. Rc1 Nd6 18. Qb3 Bxd4 19. Bxd4 Bxd3 20. Qxd3 Nc4 21. Rfe1 b5 22. e4 dxe4 23. Rxe4 Qg5 24. Rce1 h5 {[%emt 0:00:54] Against Rg4} 25. f4 Qh6 26. f5 Nd2 27. R4e2 Nb3 28. Bxg7 (28. Qxb3 {simplifies} Rxd4 29. Qe3 Qxe3+ 30. Rxe3 Rad8 31. Re8+) 28... Qb6+ 29. Qe3 Qxe3+ 30. Rxe3 Kxg7 31. f6+ Kxf6 32. Rf1+ Kg7 33. Rg3+ Kf8 34. Rxb3 $11 {[%emt 0:00:04][%mdl 4096] Endgame. KRR-KRR} Rd5 {[%emt 0:04:31] Prevents Rf5} 35. Rbf3 Ra7 36. Rf5 Rd3 37. R1f3 Rxf3 38. Rxf3 {[%emt 0:00:10][%cal Bf5f3,Bf3c3,Bc3c6,Bc6a6,Ba6a5,Ba5b5][%mdl 32] KR-KR} Kg7 39. Rc3 Rd7 ({Black should try} 39... Kg6 $11) 40. Rc6 $14 Rd3 41. Rxa6 f6 42. Ra5 Kg6 43. h4 Rc3 44. Kf2 (44. Rxb5 Rxa3 45. Kf2 Rc3) 44... Rb3 45. Rxb5 {[%emt 0:00:00] aiming for a4.} Rxa3 46. Rd5 Ra4 {[%emt 0:02:51] [#]} 47. Rd4 $1 {[%emt 0:00:00] White is more active.} Ra2+ 48. Kf3 {[%emt 0:00:01] Hoping for b5.} Rb2 49. Ke4 (49. g3 $16) 49... Rxg2 $11 {[%emt 0:00:40] The position is equal.} 50. Kd5 Kf5 51. b5 {[%emt 0:00:03] [#] Black must now prevent b6.} Rb2 52. Kc6 {[%emt 0:01:58] Strongly threatening b6.} Rc2+ 53. Kd6 Rb2 54. Kc5 Ke5 55. Rd5+ Ke4 $1 {[%emt 0:00:52][%cal Ob2b5] ( -> ...Rxb5+!)} 56. Rxh5 f5 57. Rh8 Rc2+ 58. Kb4 {[%emt 0:00:35] And now h5 would win.} Rb2+ 59. Kc4 {[%emt 0:00:47] h5 is the strong threat.} f4 60. h5 {[%emt 0:00:05] h6 would now be deadly.} f3 61. h6 Rc2+ $1 62. Kb4 {[%emt 0:00:48] White threatens h7 and mate.} Rh2 63. Re8+ Kd3 64. Rf8 Ke2 65. Re8+ Kd3 66. Rf8 Ke2 67. Re8+ {[%emt 0:00:36] Weighted Error Value: White=0.05 (flawless) /Black=0.05 (flawless) .  Mistake:       	White=1     	Black=1      Inaccurate:     	White=1     	Black=2      OK:         	White=19    	Black=32     Best:        	White=3     	Black=7      Strong:       	White=1     	Black=2} 1/2-1/2

[Event "45th FIDE Olympiad 2024"]
[Site "Budapest"]
[Date "2024.09.19"]
[Round "8.19"]
[White "Pedro, Manuel Envo Engonga "]
[Black "Heron, Andrew"]
[Result "0-1"]
[WhiteElo "1702"]
[BlackElo "2026"]
[PlyCount "124"]
[EventDate "2024.09.05"]
[EventType "team-tourn"]
[EventCountry "HUN"]
[WhiteTeam "Equatorial Guinea"]
[BlackTeam "Liechtenstein"]
[BlackTeamCountry "LIE"]
[TimeControl "40/5400+30:1800+30"]

1. e4 c5 2. Nf3 d6 3. d4 cxd4 4. Nxd4 Nf6 5. Nc3 a6 6. Rg1 e5 7. Nb3 Be6 8. g4 d5 9. g5 Nxe4 10. Nxe4 dxe4 11. Qxd8+ Kxd8 12. Be3 Kc7 13. O-O-O Nc6 14. Rg3 Bd6 15. Bc5 Rad8 16. Bxd6+ Rxd6 17. Rxd6 Kxd6 18. Re3 h6 19. g6 f5 20. h4 h5 21. c3 Rh6 22. Rg3 Ne7 23. Be2 Bxb3 24. axb3 Nd5 25. Rg5 Nf4 26. Kd2 Ke6 27. b4 Rxg6 28. Rxg6+ Nxg6 29. Bxh5 Nxh4 30. Ke3 g6 31. Be2 Ng2+ 32. Kd2 Nf4 33. Bf1 g5 34. b5 axb5 35. Bxb5 Nd5 36. Be2 f4 37. Bg4+ Kd6 38. c4 Nb4 39. Bf5 Nd3 40. Bxe4 Nxb2 41. Bxb7 Nxc4+ 42. Kd3 Na5 43. Bf3 Nb3 44. Ba8 Nc5+ 45. Kc4 Nd7 46. Be4 Nf6 47. Ba8 Ng4 48. f3 Ne3+ 49. Kd3 g4 50. fxg4 Nxg4 51. Ke4 Ke6 52. Bd5+ Kf6 53. Kf3 Kg5 54. Bb7 Nf6 55. Bc8 e4+ 56. Kg2 f3+ 57. Kf2 Kf4 58. Ba6 Ng4+ 59. Kf1 Ke3 60. Kg1 Kd2 61. Bc8 Ne5 62. Kf1 e3 {0-} 0-1

[Event "45th FIDE Olympiad 2024"]
[Site "Budapest"]
[Date "2024.09.19"]
[Round "8.20"]
[White "Parligras, Mircea-Emilian"]
[Black "Wang, Yue"]
[Result "1/2-1/2"]
[ECO "D38"]
[WhiteElo "2537"]
[BlackElo "2637"]
[Annotator "RC"]
[PlyCount "67"]
[EventDate "2024.09.05"]
[EventType "team-tourn"]
[EventCountry "HUN"]
[SourceTitle "playchess.com"]
[Source "ChessBase"]
[SourceQuality "1"]
[WhiteTeam "Romania"]
[BlackTeam "China"]
[WhiteTeamCountry "ROU"]
[BlackTeamCountry "CHN"]
[TimeControl "40/5400+30:1800+30"]

1. d4 Nf6 2. c4 e6 3. Nf3 d5 4. Nc3 Bb4 5. Bg5 h6 6. Bxf6 Qxf6 7. e3 O-O 8. Rc1 Nc6 9. Be2 dxc4 10. Bxc4 Bxc3+ 11. bxc3 b6 12. O-O Bb7 13. Bd3 Rfd8 14. Qe2 Qe7 15. Bb1 Na5 16. Ne5 c5 17. Qc2 f5 18. Qe2 Rac8 19. Rcd1 cxd4 20. cxd4 Nc6 21. Nxc6 Bxc6 22. Rfe1 Qb4 23. e4 fxe4 24. Bxe4 Bxe4 25. Qxe4 Qc4 26. a3 Qd5 27. Qg4 Qf5 28. Qg3 Rc4 29. h3 Qf6 30. Re4 Rcxd4 31. Rexd4 Rxd4 32. Qb8+ Kh7 33. Rxd4 Qxd4 34. Qxa7 1/2-1/2